 Dungeon Crawl Stone Soup version 0.30.1-4-g462c640d31 (webtiles) character file.

Game seed: 1207893260555410545

151 kingsuperguy the Chopper (level 5, -9/67 HPs)
             Began as a Hill Orc Reaver on Aug 29, 2023.
             Was an Initiate of Beogh.
             Killed by divine providence
             ... invoked by an orc priest
              (15 damage)
             ... on level 4 of the Dungeon.
             The game lasted 00:07:00 (2518 turns).

kingsuperguy the Chopper (Hill Orc Reaver)          Turns: 2518, Time: 00:07:01

Health: -9/67      AC: 22    Str: 17    XL:     5   Next: 33%
Magic:  7/7        EV:  2    Int: 13    God:    Beogh [......]
Gold:   136        SH:  0    Dex:  9    Spells: 6/7 levels left

rFire   . . .        a - +0 hand axe
rCold   . . .        (no shield)
rNeg    . . .        h - melded +0 plate armour
rPois   +            (helmet currently unavailable)
rElec   .            u - melded +0 cloak
rCorr   .            v - melded +0 pair of gloves
SInv    .            s - melded +0 pair of boots
Will    .....        (no amulet)
Stlth   +            (no ring)
HPRegen 0.31/turn    (no ring)
MPRegen 0.10/turn

%: no passive effects
@: tree-form (expiring), attractive, hasted, very quick
A: stationary, stasis, torment immunity, boosted hp
a: Renounce Religion


You were on level 4 of the Dungeon.
You worshipped Beogh.
Beogh was noncommittal.
You were a tree.
You visited 1 branch of the dungeon, and saw 4 of its levels.

You collected 234 gold pieces.
You spent 98 gold pieces at shops.

Inventory:

Hand Weapons
 a - a +0 hand axe (weapon)
 j - a +3 dagger of holy wrath
Armour
 b - a +0 leather armour
 h - a +0 plate armour (melded)
 q - a scarf of shadows
 s - a +0 pair of boots (melded)
 u - a +0 cloak (melded)
 v - a +0 pair of gloves (melded)
Jewellery
 i - a ring of protection from cold
Scrolls
 e - a scroll of fog {unknown}
 f - 6 scrolls of teleportation {unknown}
 n - 2 scrolls of identify {unknown}
 p - 2 scrolls of noise {unknown}
 t - a scroll of magic mapping {unknown}
Potions
 c - a potion of brilliance
 g - a potion of mutation {unknown}
 k - a potion of cancellation
 l - a potion of lignification
 r - 2 potions of haste


   Skills:
 + Level 3.2 Fighting
 + Level 5.5 Axes
 * Level 3.2 Armour
 + Level 1.7 Dodging
 + Level 1.6 Spellcasting
 + Level 3.1 Conjurations


You had 6 spell levels left.
You knew the following spells:

 Your Spells              Type           Power      Damage    Failure   Level
a - Kiss of Death         Conj/Necr      20%        2d7       14%         1

Your spell library contained the following spells:

 Spells                   Type           Power      Damage    Failure   Level
 Momentum Strike          Conj/Tloc      10%        3d8       21%         2
 Cigotuvi's Dreadful Rot  Necr/Pois/Air  2%         N/A       36%         2
 Hailstorm                Conj/Ice       5%         3d4       38%         3
 Gell's Gravitas          Tloc           1%         N/A       61%         3
 Ignite Poison            Fire/Tmut/Pois 1%         N/A       61%         3
 Teleport Other           Tloc           1%         N/A       61%         3
 Freezing Cloud           Conj/Ice/Air   1%         6-21      99%         5
 Dispersal                Tloc           0%         N/A       100%        6


Dungeon Overview and Level Annotations

Branches:
Dungeon (4/15)
 Temple: D:4-7

Altars:
Xom

Shops:
D:4 [

Annotations:
D:4 Dowan, Duvessa


Message History

The orc priest hits you but does no damage.
You hit the orc priest but do no damage.
The orc priest is heavily wounded.
The orc priest barely misses you.
You slash the orc priest!
The orc priest is almost dead.
The orc priest begins to cast a cantrip, but forgets the words!
You barely miss the orc priest.
The orc priest is almost dead.
The orc priest hits you but does no damage.
You hit the orc priest but do no damage.
The orc priest is almost dead.
The orc priest casts a cantrip, but nothing happens.
You hit the orc priest but do no damage.
The orc priest is almost dead.
The orc priest hits you but does no damage.
You barely miss the orc priest.
The orc priest is almost dead.
The orc priest calls down the wrath of Beogh upon you.
Beogh smites you!
* * * LOW HITPOINT WARNING * * *
You barely miss the orc priest.
The orc priest is almost dead.
The orc priest hits you but does no damage.
You hit the orc priest but do no damage.
The orc priest is almost dead.
Your transformation is almost over.
The orc priest hits you with a +0 hand axe.
* * * LOW HITPOINT WARNING * * *
It was a potion of attraction.
You feel attractive to monsters.
The orc priest hits you but does no damage.
The orc priest miscasts a cantrip.
It was a potion of haste.
You feel yourself speed up.
The orc priest hits you but does no damage.
It was a potion of flight.
Your roots keep you in place.
The orc priest calls down the wrath of Beogh upon you.
Beogh smites you!
You die...
Beogh appreciates the orc priest's killing of a heretic priest.

#... ... #... .⌠.
#... ... ##.. #.#
##.. #o# #... #o#
#... #o# ####
##♣## #...# ....
##.## #......
#..# #......
##.### #.....
#...## #...####
###..###...##..##
##........#....
##.......'....


You could see 2 orc priests and an orc.

Vanquished Creatures
  A howler monkey (D:4)
  5 adders
  A dart slug (D:1)
  4 orcs (D:3)
  6 endoplasms
  6 giant cockroaches
  6 goblins
  4 hobgoblins
  5 jackals
  6 kobolds
  2 quokkas
  7 ball pythons
  2 bats (D:2)
  3 frilled lizards
  4 rats
62 creatures vanquished.

Vanquished Creatures (others)
  An orc (D:3)
  A kobold (D:3)
  A frilled lizard (D:3)
3 creatures vanquished.

Grand Total: 65 creatures vanquished

Notes
Turn   | Place    | Note
-------+----------+-------------------------------------------
     0 | D:1      | kingsuperguy the Hill Orc Reaver began the quest for the
                  | Orb.
     0 | D:1      | Reached XP level 1. HP: 18/18 MP: 3/3
   118 | D:1      | Reached XP level 2. HP: 19/25 MP: 4/4
   188 | D:1      | Found a faded altar of an unknown god.
   243 | D:1      | Prayed at the altar of an unknown god.
   243 | D:1      | Became a worshipper of Xom of Chaos
   377 | D:1      | XOM: silly message
   541 | D:1      | XOM: cloud trail
   712 | D:2      | XOM: god gift: 42 gold pieces
   816 | D:2      | Reached XP level 3. HP: 30/30 MP: 5/5
  1017 | D:2      | Reached skill level 1 in Armour
  1025 | D:2      | Reached skill level 5 in Axes
  1175 | D:2      | Reached XP level 4. HP: 28/37 MP: 6/6
  1697 | D:3      | Fell from the grace of Xom
  1697 | D:3      | Became a worshipper of Beogh the Brigand
  2176 | D:4      | Reached XP level 5. HP: 45/45 MP: 7/7
  2206 | D:4      | Found Ytuoff's Armour Shop.
  2221 | D:4      | Bought a +0 cloak for 49 gold pieces
  2221 | D:4      | Bought a +0 pair of gloves for 49 gold pieces
  2260 | D:4      | Noticed Dowan
  2261 | D:4      | Noticed Duvessa
  2503 | D:4      | HP: 2/45 [orc priest/divine providence (15)]
  2518 | D:4      | Killed from afar by an orc priest

Illustrated notes

Levels and vault maps discovered:
D:1:      lemuel_arrival_river_ford, layout_loops_ring,
          shapermc_ecumenical_altar_ellora, amethyst_killhole,
          kennysheep_doodads, serial_park_tiny_pond, minmay_pentomino_r4
D:2:      layout_rooms, lightli_corner_chamber
D:3:      layout_rooms
D:4:      layout_gridville, mainiacjoe_overflow_alcove_1,
          grunt_temple_overflow_cloverleaf, serial_shops, shop, uniq_duvessa

Skill      XL: |  1  2  3  4 |
---------------+-------------+-----
Armour         | 1 3 |  3.2
Axes           | 5 |  5.5
Fighting       | 3 |  3.2
Dodging        | |  1.7
Spellcasting   | |  1.6
Conjurations   | |  3.1

Action                     |  1- 3 |  4- 6 || total
---------------------------+-------+-------++-------
  Melee: Hand axe          |   139 |   140 ||   279
 Invoke: Convert to Beogh  |       |     1 ||     1
    Use: Potion            |       |     7 ||     7
 Armour: Leather armour    |    19 |       ||    19
         Plate armour      |    51 |   101 ||   152
         Skin              |       |     6 ||     6
  Dodge: Dodged            |    63 |    37 ||   100
